 Dungeon Crawl Stone Soup version 0.31-a0-692-gf03d1854d5 (webtiles) character file.

Game seed: 3809359816494787297

703 qw the Trooper (level 7, 0/48 HPs)
             Began as a Gargoyle Hunter on Sept 6, 2023.
             Slain by a gnoll sergeant
             ... wielding a +0 spear
              (6 damage)
             ... on level 4 of the Dungeon.
             The game lasted 00:01:17 (2576 turns).

qw the Trooper (Gargoyle Hunter)                    Turns: 2576, Time: 00:01:17

Health: 0/48       AC: 10    Str: 14    XL:     7   Next: 66%
Magic:  7/7        EV: 11    Int: 10    God:
Gold:   222        SH:  0    Dex: 15    Spells: 6/6 levels left

rFire   . . .        Y - +2 shortbow
rCold   . . .        (shield currently unavailable)
rNeg    + . .        i - +0 ring mail
rPois   inf          (no helmet)
rElec   +            (no cloak)
rCorr   .            (no gloves)
SInv    .            (no boots)
Will    .....        f - amulet of faith
Stlth   +            (no ring)
HPRegen 0.28/turn    (no ring)
MPRegen 0.10/turn

%: faith
@: no status effects
A: sickness immunity, AC +4, negative energy resistance 1, electricity
resistance, torment resistance 1, petrification resistance
a: no special abilities


You were on level 4 of the Dungeon.
You visited 1 branch of the dungeon, and saw 4 of its levels.

You collected 258 gold pieces.
You spent 36 gold pieces at shops.


Innate Abilities, Weirdness & Mutations

You are immune to sickness and miasma.
Your stone body is resilient. (AC +4)
You are immune to poison.
You resist negative energy. (rN+)
You are resistant to electric shocks. (rElec)
You are resistant to unholy torment.
You are immune to petrification.


   Skills:
 - Level 7.1 Fighting
 + Level 6.3 Ranged Weapons
 - Level 1.8 Armour
 - Level 1.5 Dodging
 - Level 1.1 Stealth


You had 6 spell levels left.
You didn't know any spells.
Your spell library was empty.

Inventory:

Hand Weapons
 Y - a +2 shortbow (weapon)
Armour
 i - a +0 ring mail (worn)
Jewellery
 f - an amulet of faith (around neck)
Scrolls
 a - a scroll of enchant armour {unknown}
 d - a scroll of brand weapon {unknown}
 g - a scroll of identify
 j - a scroll of poison {unknown}
Potions
 b - a potion of mutation {unknown}
 c - a potion of haste {unknown}
 e - a potion of cancellation
 h - 2 potions of curing

Dungeon Overview and Level Annotations

Branches:
Dungeon (4/15)
 Temple: D:4-7

Altars:
Makhleb

Shops:
D:1 !


Message History

The goblin barely misses you. The gnoll hits you with a +0 club.
You shoot an arrow. The arrow hits the gnoll!
You kill the gnoll!
The gnoll sergeant closely misses you.
The goblin hits you but does no damage. x2
A gnoll comes into view. It is wielding a +0 whip.
The gnoll sergeant hits you from afar with a +0 spear.
The goblin hits you with a +0 dagger. The goblin closely misses you.
You shoot an arrow. The arrow barely misses the goblin.
The gnoll shouts!
The arrow hits the gnoll sergeant but does no damage.
The gnoll sergeant is severely wounded.
The gnoll sergeant hits you from afar with a +0 spear.
The goblin hits you with a +0 dagger. The goblin hits you but does no damage.
You shoot an arrow. The arrow closely misses the goblin.
The arrow hits the gnoll sergeant but does no damage.
The gnoll sergeant is severely wounded.
The gnoll sergeant hits you from afar with a +0 spear.
The goblin hits you but does no damage. x2
You shoot an arrow. The arrow closely misses the goblin.
The arrow hits the gnoll sergeant.
The gnoll sergeant is severely wounded.
The gnoll sergeant hits you from afar with a +0 spear.
The goblin hits you but does no damage. The goblin barely misses you.
You shoot an arrow. The arrow barely misses the goblin.
The gnoll sergeant blocks the arrow.
The gnoll sergeant hits you but does no damage.
The goblin hits you with a +0 dagger. The goblin hits you but does no damage.
You shoot an arrow. The arrow closely misses the goblin.
The arrow completely misses the gnoll sergeant.
The gnoll sergeant hits you from afar with a +0 spear.
The goblin hits you but does no damage. The goblin hits you with a +0 club.
A worm comes into view.
The gnoll sergeant hits you but does no damage.
The goblin misses you. The gnoll hits you but does no damage.
The goblin hits you but does no damage.
You shoot an arrow. The arrow hits the gnoll.
The gnoll is moderately wounded.
The gnoll closely misses you.
The gnoll sergeant hits you from afar with a +0 spear.
You die...

#.# #..# #.# #..# ####)#
#..# ##....) #..#
###....)# #..#
##.......# #
#..######........#
#.###.#g.#.............#
#....gg@.#.####...######
w.$...g..........##
#####.############ #. #


You could see a gnoll sergeant, a worm, a gnoll and 2 goblins.

Vanquished Creatures
  Pikel (D:4)
  2 lemures (D:4)
  A howler monkey (D:3)
  A hound (D:4)
  A jelly (D:4)
  Terence (D:2)
  A gnoll (D:4)
  5 adders
  A worm (D:2)
  3 dart slugs
  3 orcs
  9 ball pythons
  7 endoplasms
  4 giant cockroaches
  7 goblins
  5 hobgoblins
  17 jackals
  3 quokkas
  6 bats
  5 frilled lizards
  8 kobolds
  2 rats (D:1)
93 creatures vanquished.

Notes
Turn   | Place    | Note
-------+----------+-------------------------------------------
     0 | D:1      | qw the Gargoyle Hunter began the quest for the Orb.
     0 | D:1      | Reached XP level 1. HP: 12/12 MP: 1/1
     0 | D:1      | 0 ||| qw: Version: 0.3-a-76-g4403597
     0 | D:1      | 0 ||| qw: Game counter: 96
     0 | D:1      | 0 ||| qw: Melee chars always use a shield: true
     0 | D:1      | 0 ||| qw: God list: Okawaru
     0 | D:1      | 0 ||| qw: Allow faded altars: false
     0 | D:1      | 0 ||| qw: Do Orc after clearing Dungeon:15 true
     0 | D:1      | 0 ||| qw: Do second Lair branch before Depths: true
     0 | D:1      | 0 ||| qw: Lair rune preference: random
     0 | D:1      | 0 ||| qw: Goals: Normal
     0 | D:1      | 0 ||| PLANNING D:1-11
    43 | D:1      | Reached XP level 2. HP: 16/17 MP: 2/2
   314 | D:1      | Found Siviwk's Distillery.
   323 | D:1      | 323 ||| SHOPLISTING 2 potions of curing (72 gold, have 37).
   323 | D:1      | 323 ||| BUYING potion of curing (36 gold).
   323 | D:1      | Bought a potion of curing for 36 gold pieces
   323 | D:1      | 323 ||| SHOPLISTING potion of haste (120 gold, have 1).
   323 | D:1      | 323 ||| SHOPLISTING potion of heal wounds (60 gold, have
                  | 1).
   511 | D:1      | Found a faded altar of an unknown god.
   560 | D:1      | 560 ||| UPGRADING to amulet of faith.
   589 | D:1      | 589 ||| READING scroll labelled DIQAPN QEACLE.
   591 | D:1      | 591 ||| READING 5 scrolls labelled OZXUONIRER.
   593 | D:1      | 593 ||| READING scroll labelled CUGIGO YNUEJEE.
   594 | D:1      | 594 ||| READING 4 scrolls of identify.
   594 | D:1      | 594 ||| IDENTIFYING metallic pink potion
   595 | D:1      | 595 ||| READING 3 scrolls of identify.
   595 | D:1      | 595 ||| IDENTIFYING blue potion
   596 | D:1      | 596 ||| DROPPING scroll of butterflies.
   597 | D:1      | 597 ||| DROPPING potion of attraction.
   643 | D:2      | Reached XP level 3. HP: 13/21 MP: 3/3
   692 | D:2      | Noticed Terence
   704 | D:2      | Killed Terence
   705 | D:2      | Reached skill level 3 in Fighting
   715 | D:2      | Reached XP level 4. HP: 18/28 MP: 4/4
   910 | D:2      | Identified the orb of Iptum {*Rage, rC+ Dex+3}
  1417 | D:2      | 1417 ||| READING 3 scrolls of identify.
  1417 | D:2      | 1417 ||| IDENTIFYING lumpy black potion
  1418 | D:2      | 1418 ||| READING 2 scrolls of identify.
  1418 | D:2      | 1418 ||| IDENTIFYING golden potion
  1419 | D:2      | 1419 ||| DROPPING potion of lignification.
  1420 | D:2      | 1420 ||| DROPPING potion of invisibility.
  1521 | D:3      | Reached XP level 5. HP: 29/32 MP: 5/5
  1628 | D:3      | Reached skill level 6 in Ranged Weapons
  1657 | D:3      | 1657 ||| READING scroll of enchant weapon.
  1657 | D:3      | 1657 ||| ENCHANTING +1 shortbow.
  1955 | D:3      | Found a burning altar of Makhleb.
  2197 | D:3      | 2197 ||| UPGRADING to +0 ring mail.
  2207 | D:3      | 2207 ||| DROPPING +0 leather armour.
  2208 | D:3      | 2208 ||| READING scroll labelled OHIACOITHROE.
  2209 | D:3      | 2209 ||| READING scroll labelled QIPACE TADGHOALASIU.
  2210 | D:3      | 2210 ||| READING scroll labelled VYDDAE VISELO.
  2211 | D:3      | 2211 ||| DRINKING 2 fuming coppery potions.
  2212 | D:3      | 2212 ||| DRINKING 2 sedimented grey potions.
  2213 | D:3      | 2213 ||| DROPPING potion of brilliance.
  2235 | D:4      | 2235 ||| STAIRDANCE
  2239 | D:3      | Reached skill level 1 in Armour
  2270 | D:4      | 2270 ||| STAIRDANCE
  2451 | D:4      | Noticed a lemure
  2454 | D:4      | Noticed a lemure
  2455 | D:4      | 2455 ||| RETREATING.
  2459 | D:4      | Noticed Pikel
  2459 | D:4      | Noticed a lemure
  2462 | D:4      | Noticed a lemure
  2465 | D:4      | Killed a lemure
  2468 | D:4      | Killed a lemure
  2478 | D:4      | HP: 7/33 [Pikel/+0 whip of flaming (3)]
  2479 | D:4      | 2479 ||| DRINKING potion of heal wounds.
  2480 | D:4      | Killed Pikel
  2481 | D:4      | Reached skill level 7 in Fighting
  2481 | D:4      | Reached XP level 6. HP: 31/44 MP: 6/6
  2481 | D:4      | Reached XP level 7. HP: 34/48 MP: 7/7
  2574 | D:4      | HP: 11/48 [goblin/+0 dagger (2)]
  2576 | D:4      | Slain by a gnoll sergeant

Levels and vault maps discovered:
D:1:      lightli_molten_gateway, layout_basic,
          shapermc_ecumenical_altar_rom_forum, serial_shops,
          nicolae_shop_just_a_little_nook
D:2:      layout_basic, uniq_terence
D:3:      layout_basic, mainiacjoe_overflow_chevrons, st_stairs_11
D:4:      layout_loops_ring, lemuel_mausoleum_altar_yredelemnul,
          nicolae_dithmenos_the_darkroom, hangedman_abyss_or_decor_lesser_grid,
          uniq_pikel

Skill      XL: |  1  2  3  4  5 |
---------------+----------------+-----
Ranged Weapons | 5 6 |  6.3
Fighting       | 3 7 |  7.1
Armour         | 1 |  1.8
Dodging        | |  1.5
Stealth        | |  1.1

Action                     |  1- 3 |  4- 6 |  7- 9 || total
---------------------------+-------+-------+-------++-------
   Fire: Shortbow          |   103 |   178 |    27 ||   308
    Use: Scroll            |     5 |     6 |       ||    11
         Potion            |       |     3 |       ||     3
 Armour: Leather armour    |    40 |    48 |       ||    88
         Ring mail         |       |    28 |    31 ||    59
  Dodge: Dodged            |    37 |    55 |    16 ||   108

Table legend:
 A = Non-vault XP
 B = Vault XP
 C = Vault XP percentage of total XP
 D = Non-vault monster count
 E = Vault monster count
 F = Vault count percentage of total count
                 A         B        C        D         E       F
            +---------+---------+-------+---------+---------+-------
      Total |     369 |     636 |  63.3 |      85 |       6 |   6.6
            +---------+---------+-------+---------+---------+-------
        D:1 |      32 |       0 |   0.0 |      22 |       0 |   0.0
        D:2 |      74 |      36 |  32.7 |      30 |       1 |   3.2
        D:3 |     134 |       7 |   5.0 |      22 |       4 |  15.4
        D:4 |     129 |     593 |  82.1 |      11 |       1 |   8.3
            +---------+---------+-------+---------+---------+-------
